Map: Babylon LE

Players

HeroMarine

  • Race: Terran Terran
  • Spawn Location: 5:00

DnS - Winner!

  • Race: Protoss Protoss
  • Spawn Location: 11:00

Event: ESL SC2 Masters 2023 Summer (Finals)

VOD

Have the link to the VOD?

Description

Time

  • Played on: June 16, 2023, 6:29 a.m.
  • Length: 16:35

All games in this series

Show
View Real Time Build Order
Export as new Build Order

HeroMarine Terran 

Build Orders:  

Get SALT Encoding   

  12  0:00  SCV  
  13  0:12  SCV  
  14  0:16  Supply Depot  
  14  0:24  SCV  
  15  0:38  SCV  
  15  0:41  Barracks  
  16  0:43  Refinery  
  16  0:50  SCV  
  17  1:02  SCV  
  18  1:14  SCV  
  19  1:27  Orbital Command, Marine  
  20  1:42  Command Center  
  20  1:45  Reaper  
  21  1:55  SCV  
  21  1:56  Supply Depot  
  22  2:06  Factory  
  22  2:09  SCV  
  22  2:15  Bunker  
  23  2:21  SCV, Barracks Reactor  
  24  2:26  Refinery  
  24  2:33  SCV  
  24  2:45  SCV  
  24  2:50  Hellion  
  27  2:53  Barracks  
  27  2:55  Orbital Command  
  27  2:57  SCV  
  28  3:01  Marine  
  28  3:03  Marine  
  30  3:09  SCV  
  30  3:11  Factory Tech Lab  
  31  3:19  Marine  
  32  3:21  Marine  
  32  3:22  SCV x2  
  35  3:31  Cyclone  
  35  3:34  SCV x2  
  39  3:35  Supply Depot  
  39  3:38  Marine x2  
  42  3:46  SCV, Barracks Tech Lab  
  44  3:50  Engineering Bay  
  44  3:58  SCV, Marine x2  
  44  3:59  SCV  
  47  4:03  Cyclone, Supply Depot  
  47  4:05  Marine  
  47  4:08  Combat Shield  
  51  4:15  Missile Turret  
  53  4:17  Marine x2  
  53  4:20  SCV  
  54  4:24  Marine  
  54  4:25  SCV  
  54  4:26  Supply Depot  
  54  4:30  Terran Infantry Weapons Level 1  
  56  4:32  SCV  
  56  4:36  Marine x2  
  56  4:37  SCV  
  60  4:42  Marine  
  61  4:46  SCV  
  61  4:47  Siege Tank, Supply Depot  
  61  4:50  SCV  
  65  4:56  Marine x2  
  67  5:00  Marine, SCV  
  67  5:03  SCV  
  68  5:12  SCV  
  68  5:13  Marine  
  70  5:14  Marine  
  70  5:15  SCV  
  70  5:18  Marine  
  70  5:24  SCV  
  70  5:25  Refinery  
  70  5:27  SCV  
  72  5:28  Barracks  
  72  5:31  Marine, Starport  
  72  5:32  Marine  
  72  5:33  Factory Reactor  
  72  5:34  Stimpack  
  74  5:36  Marauder, SCV  
  74  5:39  SCV  
  74  5:41  Refinery  
  78  5:49  Missile Turret  
  78  5:55  Supply Depot  
  78  5:57  Supply Depot  
  78  5:59  Supply Depot  
  78  6:16  Factory Reactor  
  78  6:17  Marine x2, Concussive Shells, Medivac x2, Marauder  
  86  6:19  Marauder  
  86  6:20  SCV  
  86  6:21  SCV  
  90  6:26  Terran Infantry Armor Level 1  
  90  6:27  Supply Depot  
  90  6:33  SCV x2  
  90  6:34  Marine x2  
  90  6:39  Marauder  
  96  6:40  Marauder  
  97  6:49  Command Center  
  97  6:53  Medivac x2  
  100  6:56  Widow Mine x2  
  100  6:59  SCV x2, Supply Depot  
  105  7:03  Marauder x2  
  105  7:05  Marine x2  
  108  7:11  SCV x2  
  110  7:21  Widow Mine x2  
  114  7:26  Barracks  
  114  7:27  Supply Depot  
  114  7:28  Barracks  
  114  7:29  Marauder  
  114  7:32  SCV  
  114  7:34  SCV  
  110  7:41  Marauder  
  100  7:46  SCV x2  
  100  7:50  Widow Mine x2, Marauder, Medivac x2  
  100  8:03  SCV x2  
  102  8:10  Marine  
  102  8:11  Marauder x2, Marine  
  97  8:15  SCV x2  
  97  8:18  Barracks Reactor  
  99  8:20  Orbital Command, Medivac x2  
  99  8:23  Factory Tech Lab  
  103  8:27  SCV x2  
  103  8:29  Barracks Tech Lab  
  103  8:33  Marine  
  103  8:34  Marauder x2, Marine x3  
  116  8:41  Siege Tank  
  116  8:42  SCV x2  
  115  8:50  Viking x2  
  115  8:52  Orbital Command  
  115  8:54  Marauder  
  115  8:55  Marauder x2  
  124  8:57  Missile Turret  
  124  8:59  Marine x4  
  124  9:00  SCV x2  
  130  9:04  Engineering Bay  
  130  9:05  Armory  
  130  9:15  Marauder  
  130  9:16  Marauder x2  
  128  9:18  Marine x2  
  128  9:19  Marine  
  128  9:20  Bunker  
  128  9:21  Siege Tank  
  132  9:25  Viking  
  132  9:28  Viking  
  136  9:35  Refinery x2  
  136  9:36  Missile Turret  
  136  9:39  SCV  
  137  9:46  Marauder  
  137  9:47  Marauder  
  137  9:49  Supply Depot  
  137  9:50  Supply Depot  
  141  9:53  Marine x4, Marauder  
  141  9:55  Supply Depot  
  141  9:58  Sensor Tower  
  147  10:01  SCV  
  147  10:02  SCV  
  147  10:03  Terran Infantry Weapons Level 2  
  149  10:07  SCV  
  149  10:11  Viking x2, Siege Tank  
  156  10:16  Marauder x2, Marine  
  156  10:17  Marine x2, Marauder  
  165  10:29  Supply Depot  
  165  10:30  Supply Depot  
  157  10:43  Marauder x2, Siege Tank  
  157  10:45  Marine x3  
  157  10:46  Marine, Marauder  
  157  10:48  Viking x2  
  146  10:52  SCV  
  131  11:03  Marine x2  
  117  11:05  Marauder x2  
  119  11:12  Marauder  
  114  11:18  Viking x2  
  114  11:20  Orbital Command, Siege Tank  
  113  11:26  Marine, Marauder x2  
  113  11:29  Marine x2  
  113  11:32  Marine  
  119  11:34  Marauder  
  122  11:44  Marine  
  117  11:47  Marine, Marauder  
  117  11:48  Marauder  
  117  11:51  Liberator x2  
  117  11:52  Siege Tank  
  131  11:58  Marauder  
  131  12:04  Marine  
  131  12:07  SCV  
  127  12:09  Marauder  
  127  12:13  Marauder  
  124  12:18  Marine  
  124  12:20  Marauder  
  114  12:28  Widow Mine  
  99  12:30  Marauder  
  99  12:33  Marine x2  
  99  12:34  Marauder, Medivac  
  99  12:36  Missile Turret  
  99  12:37  Command Center  
  107  12:44  Marauder, Medivac  
  109  12:47  Marine x2  
  113  12:52  Marauder  
  113  12:53  Orbital Command  
  117  12:58  Marauder  
  117  12:59  Marine  
  117  13:03  Missile Turret  
  117  13:04  Refinery  
  118  13:06  Marauder  
  118  13:07  Marine x2  
  118  13:08  Marine  
  123  13:17  Marine x2  
  126  13:20  Marauder  
  126  13:23  Widow Mine  
  130  13:27  Marauder, Medivac x2  
  130  13:33  Marine  
  135  13:36  Marauder  
  135  13:38  Terran Infantry Armor Level 2  
  135  13:40  Marine x3  
  135  13:41  Marauder  
  142  13:48  Marine  
  138  13:51  Marine  
  129  13:57  Marauder, Medivac, Marine  
  129  13:58  Marine  
  129  13:59  SCV x2, Refinery  
  129  14:00  Refinery  
  129  14:01  SCV  
  129  14:02  Marauder  
  135  14:05  Widow Mine, Medivac  
  136  14:11  SCV  
  136  14:12  SCV  
  136  14:13  SCV, Marauder  
  141  14:19  Marauder  
  141  14:24  Marauder, Marine x4  
  145  14:26  Bunker  
  145  14:29  Planetary Fortress  
  149  14:37  Viking  
  149  14:38  Siege Tank  
  153  14:46  Marauder  
  153  14:47  Marauder x2  
  153  14:52  Marine  
  134  14:53  Marine  
  134  14:55  SCV  
  134  14:57  SCV  
  134  14:58  SCV  
  135  15:07  Marauder, SCV  
  135  15:08  Marauder  
  135  15:09  Missile Turret  
  135  15:13  Medivac, Siege Tank  
  135  15:14  Medivac  
  145  15:15  Marauder  
  145  15:17  Marine  
  145  15:18  Marine x2  
  145  15:19  Marine  
  151  15:21  SCV  
  151  15:22  SCV  
  151  15:23  SCV  
  151  15:24  SCV  
  155  15:28  Marauder  
  134  15:37  Orbital Command  
  134  15:40  Marauder x2  
  134  15:41  Marine x2  
  118  15:43  Viking  
  118  15:44  Viking  
  118  15:45  Marine  
  118  15:46  Marine  
  124  15:50  Marauder  
  124  15:54  Siege Tank  
  127  15:59  Marine x2  
  127  16:01  Marauder  
  127  16:02  Marauder  
  133  16:04  Marine x2  
  133  16:11  Marine  
  131  16:17  Marine x2  
Show
View Real Time Build Order
Export as new Build Order

DnS Protoss - Winner!

Build Orders: 1 Gate Expand, Zealot Archon, Dark Templar Rush 

Get SALT Encoding   

  12  0:00  Probe  
  13  0:12  Probe  
  14  0:18  Pylon  
  14  0:24  Probe (Chrono Boost)  
  15  0:36  Gateway  
  15  0:37  Probe (Chrono Boost)  
  16  0:44  Probe (Chrono Boost)  
  16  0:46  Assimilator  
  17  0:51  Probe  
  18  1:03  Probe  
  19  1:15  Probe  
  20  1:24  Cybernetics Core  
  20  1:34  Nexus  
  20  1:40  Pylon  
  20  1:44  Probe  
  21  1:52  Assimilator  
  21  1:56  Probe  
  21  1:58  Adept (Chrono Boost)  
  24  2:04  Warp Gate  
  24  2:08  Probe  
  25  2:20  Probe  
  25  2:21  Twilight Council  
  26  2:26  Adept  
  28  2:32  Probe  
  29  2:45  Probe (Chrono Boost)  
  29  2:50  Probe (Chrono Boost), Robotics Facility  
  31  2:55  Probe (Chrono Boost)  
  31  2:57  Probe (Chrono Boost)  
  33  3:00  Probe (Chrono Boost)  
  33  3:02  Probe (Chrono Boost)  
  35  3:11  Probe  
  36  3:13  Dark Shrine  
  36  3:14  Probe  
  36  3:19  Gateway  
  37  3:23  Probe  
  37  3:25  Gateway  
  38  3:27  Probe  
  38  3:33  Pylon  
  39  3:35  Probe  
  40  3:41  Warp Prism (Chrono Boost)  
  40  3:42  Probe  
  40  3:47  Probe  
  43  3:53  Stalker  
  43  3:54  Probe  
  46  3:59  Probe  
  46  4:01  Assimilator  
  47  4:06  Probe  
  48  4:10  Pylon  
  48  4:11  Probe  
  49  4:18  Probe  
  50  4:25  Probe  
  50  4:29  Nexus  
  51  4:35  Dark Templar x2  
  51  4:36  Dark Templar  
  57  4:39  Pylon  
  57  4:41  Probe  
  57  4:42  Probe  
  59  4:48  Assimilator  
  59  4:54  Blink (Chrono Boost)  
  59  4:58  Probe x2  
  61  5:02  Pylon  
  61  5:17  Probe x2  
  63  5:24  Stalker x3  
  69  5:29  Probe x2, Shield Battery  
  71  5:38  Robotics Bay  
  71  5:41  Probe, Forge  
  72  5:52  Stalker x3  
  72  5:55  Shield Battery  
  72  5:56  Pylon  
  78  5:57  Probe  
  78  6:00  Probe  
  80  6:05  Probe  
  80  6:06  Immortal (Chrono Boost)  
  80  6:09  Probe  
  86  6:12  Probe, Shield Battery  
  86  6:13  Protoss Ground Weapons Level 1  
  86  6:16  Pylon  
  86  6:17  Probe, Pylon  
  88  6:19  Archon  
  88  6:23  Probe  
  88  6:24  Stalker x2  
  93  6:30  Probe x2  
  95  6:33  Sentry  
  95  6:35  Shield Battery  
  95  6:39  Colossus (Chrono Boost)  
  97  6:46  Gateway  
  103  6:47  Charge (Chrono Boost)  
  103  6:51  Gateway  
  103  6:58  Gateway  
  103  6:59  Gateway  
  101  7:07  Extended Thermal Lance  
  101  7:11  Zealot x3  
  101  7:14  Gateway  
  105  7:15  Gateway  
  105  7:17  Pylon x2  
  105  7:18  Shield Battery  
  105  7:20  Pylon  
  105  7:21  Probe x3  
  108  7:23  Assimilator  
  108  7:33  Colossus  
  114  7:43  Pylon  
  94  7:46  Stalker x5  
  91  7:51  Probe  
  91  7:52  Probe  
  90  8:07  Stalker x2  
  90  8:09  Probe  
  90  8:12  Probe x2, Protoss Ground Weapons Level 2 (Chrono Boost)  
  97  8:18  Zealot x3  
  97  8:19  Zealot x2  
  107  8:21  Probe  
  107  8:24  Probe, Pylon, Dark Templar  
  107  8:25  Probe  
  107  8:27  Zealot  
  114  8:30  Colossus (Chrono Boost)  
  121  8:41  Probe  
  121  8:45  Probe  
  121  8:46  Probe  
  123  8:51  Stalker x3  
  123  8:52  Zealot x2  
  133  8:56  Zealot, Sentry  
  133  8:57  Zealot  
  133  9:00  Pylon  
  139  9:05  Assimilator  
  139  9:08  Templar Archives  
  137  9:17  Nexus  
  137  9:19  Observer  
  138  9:27  Zealot x3, Dark Templar x2  
  148  9:32  Photon Cannon  
  148  9:35  Archon  
  148  9:39  Zealot x3  
  154  9:49  Shield Battery  
  154  9:52  Zealot  
  156  9:56  Pylon  
  156  9:58  Pylon  
  156  9:59  Pylon, Gateway  
  156  10:06  Protoss Ground Armor Level 1 (Chrono Boost)  
  156  10:14  Disruptor  
  156  10:15  Zealot x3  
  156  10:16  Zealot x3  
  156  10:20  Zealot x7  
  172  10:29  Probe x2  
  172  10:30  Probe x2  
  172  10:32  Shadow Stride  
  176  10:36  Zealot x2  
  176  10:42  Zealot x4  
  166  10:56  Zealot x5  
  146  11:07  Stalker  
  146  11:08  Stalker x4  
  156  11:15  Disruptor (Chrono Boost)  
  129  11:26  High Templar x3  
  129  11:27  High Templar  
  129  11:30  Archon  
  129  11:31  Archon  
  131  11:33  Probe  
  131  11:34  Probe  
  131  11:37  High Templar x2  
  131  11:38  High Templar x2  
  141  11:40  Nexus  
  141  11:41  Archon  
  141  11:42  Archon, Protoss Ground Armor Level 2 (Chrono Boost)  
  141  11:45  Zealot x2  
  136  11:48  Shield Battery, Colossus (Chrono Boost)  
  136  11:50  Pylon  
  142  11:55  Pylon  
  142  12:00  Zealot x4  
  118  12:16  Zealot x6  
  120  12:27  Observer (Chrono Boost)  
  99  12:35  High Templar x2, Zealot x2  
  105  12:37  Zealot  
  105  12:38  Zealot x5  
  105  12:39  Archon  
  105  12:42  Colossus (Chrono Boost)  
  117  12:48  Gateway  
  117  12:50  Gateway  
  117  12:51  Shield Battery  
  123  12:52  Pylon  
  123  12:53  Probe, Photon Cannon  
  123  12:54  Probe  
  123  12:55  Photon Cannon  
  125  13:00  High Templar x4  
  125  13:01  Zealot x3  
  125  13:02  Zealot  
  125  13:04  Archon x2  
  138  13:15  Stalker  
  138  13:16  Stalker  
  140  13:28  Stalker x4  
  148  13:41  Zealot x4, Dark Templar  
  148  13:42  Zealot  
  148  13:48  Probe x2  
  149  13:55  Stalker x5  
  149  14:02  Probe x4  
  153  14:03  Probe  
  152  14:14  Probe  
  151  14:18  Zealot x5  
  151  14:19  Zealot x3  
  151  14:22  Dark Templar  
  169  14:32  Probe x3  
  169  14:37  Photon Cannon  
  170  14:39  Pylon  
  170  14:40  Stalker x2  
  170  14:41  Zealot x3  
  161  14:57  Photon Cannon  
  141  15:11  Disruptor (Chrono Boost)  
  141  15:12  Zealot x12  
  164  15:23  Probe  
  164  15:24  Probe x4  
  152  15:40  Colossus (Chrono Boost)  
  140  15:46  Zealot x4, Dark Templar  
  140  15:47  Zealot x5  
  160  15:57  Assimilator  
  160  15:58  Assimilator  
  158  16:04  Dark Templar, Stalker  
  158  16:15  Zealot x8, Dark Templar  
  145  16:27  Stalker  
Tags
 
Add a new tag
Caveats
  • Supply blocks, unpowered buildings, or Contaminate may cause inaccurate times.
  • Supply counts are checked every 10 seconds.